AoeStats
← ElMirteitor4000

Arabia

510625998Analyzed
2v2 RM · 2d ago on Oct 1, 2026· 65m 43s· 4 players
Game mode
Random Map
Map size
Medium (4 player)
Population
200
Speed
Normal
Resources
Standard
Victory
Conquest
Starting age
Dark Age
Ending age
Imperial Age
RankedLock teamsTeams togetherTeam positionsShared explorationLock speedFull tech treeHidden civsTurbo modeCheats
Victory
Defeat
🇦🇷 Magyars · Argentina
922
+19
🇦🇷 Malay · Argentina
885
+19
🇺🇸 Cumans · United States
977
-19
🇫🇷 Magyars · France
974
-19
dollarstoresrock
10:11 Loom
12:10 Feudal Age
21:47 Castle Age
20:24 Bloodlines
21:20 Forging
21:01 Double-Bit Axe
22:06 Scale Barding Armor
22:02 Horse Collar
24:11 Iron Casting
26:17 Chain Barding Armor
27:02 Scale Mail Armor
26:25 Pikeman
27:20 Squires
29:02 Chain Mail Armor
28:47 Double-Bit Axe
34:15 Fletching
34:55 Ballistics
34:55 Bodkin Arrow
36:05 Murder Holes
38:45 Imperial Age
37:37 Padded Archer Armor
42:45 Blast Furnace
42:20 Plate Barding Armor
42:17 Cavalier
44:08 Conscription
45:22 Heavy Plow
45:35 Bow Saw
44:48 Paladin
53:24 Light Cavalry
55:07 Hussar
B0X3
11:03 Feudal Age
15:32 Double-Bit Axe
17:38 Wheelbarrow
19:59 Loom
22:56 Bloodlines
25:28 Castle Age
23:58 Horse Collar
24:31 Scale Barding Armor
26:33 Chain Barding Armor
25:34 Light Cavalry
25:41 Pikeman
26:32 Scale Mail Armor
27:07 Bow Saw
27:38 Heavy Plow
29:46 Husbandry
33:36 Hand Cart
33:15 Gold Mining
33:19 Stone Mining
34:12 Fletching
34:25 Padded Archer Armor
46:49 Imperial Age
46:05 Corvinian Army
47:01 Elite Magyar Huszar
48:05 Conscription
47:07 Hussar
48:53 Crop Rotation
50:22 Two-Man Saw
50:28 Plate Barding Armor
51:30 Leather Archer Armor
51:10 Bodkin Arrow
El Bicho
1:44 Loom
3:54 Loom
10:28 Feudal Age
10:30 Double-Bit Axe
16:02 Gold Mining
17:05 Horse Collar
17:45 Fletching
23:50 Castle Age
22:51 Crossbowman
24:02 Pikeman
28:05 Forging
28:10 Squires
30:21 Elite Skirmisher
33:16 Arson
36:31 Wheelbarrow
37:45 Husbandry
39:36 Thumb Ring
43:40 Imperial Age
43:49 Imperial Age
44:56 Scale Barding Armor
51:14 Ballistics
50:52 Murder Holes
62:42 Sanctity
62:42 Redemption
63:00 Illumination
62:57 Block Printing
63:19 Halberdier
ElMirteitor4000
9:43 Feudal Age
8:44 Loom
10:13 Double-Bit Axe
10:14 Horse Collar
17:41 Scale Barding Armor
22:39 Castle Age
21:48 Wheelbarrow
22:47 Bloodlines
22:45 Padded Archer Armor
22:37 Fletching
22:57 Light Cavalry
23:38 Husbandry
23:29 Pikeman
27:08 Heavy Plow
27:20 Bow Saw
28:51 Thumb Ring
35:10 Imperial Age
36:55 Hussar
38:38 Ballistics
39:38 Corvinian Army
40:13 Leather Archer Armor
39:54 Bodkin Arrow
40:20 Chain Barding Armor
43:33 Conscription
42:45 Heavy Cavalry Archer
43:50 Parthian Tactics
52:35 Elite Magyar Huszar
53:13 Halberdier
55:44 Cavalier
57:39 Plate Barding Armor
57:35 Ring Archer Armor
57:05 Bracer
58:54 Paladin
Connection lost

Rejoining the realm…

Still unreachable

The connection could not be restored.

Session expired

The server has moved on; the page needs a fresh start.